AoeStats
← Sr. Matanza

Arena

510011226Analyzed
1v1 RM · 3d ago on Sep 29, 2026· 38m 22s· 2 players
Game mode
Random Map
Map size
Tiny (2 player)
Population
200
Speed
Normal
Resources
Standard
Victory
Conquest
Starting age
Dark Age
Ending age
Imperial Age
RankedLock teamsTeams togetherTeam positionsShared explorationLock speedFull tech treeHidden civsTurbo modeCheats
Victory
Defeat
🇦🇷 Inca · Argentina
691
+17
🇮🇳 Britons · India
702
-17
Sr. Matanza
9:44 Feudal Age
17:27 Castle Age
15:24 Horse Collar
15:49 Loom
15:56 Double-Bit Axe
17:22 Forging
17:13 Scale Mail Armor
23:36 Iron Casting
23:01 Scale Mail Armor
25:01 Champi Runner
25:02 Pikeman
26:50 Champi Warrior
31:22 Squires
31:51 Chain Mail Armor
31:39 Squires
36:21 Imperial Age
39:03 Blast Furnace
38:33 Plate Mail Armor
37:55 Fletching
Kaushil
10:09 Feudal Age
10:35 Double-Bit Axe
15:57 Castle Age
14:40 Horse Collar
16:56 Loom
20:43 Bow Saw
20:36 Heavy Plow
20:51 Stone Mining
23:53 Wheelbarrow
23:03 Town Watch
26:14 Ballistics
25:35 Treadmill Crane
27:38 Gold Mining
28:52 Arson
32:42 Murder Holes
33:13 Fletching
33:23 Padded Archer Armor
33:59 Elite Skirmisher
35:04 Pikeman
38:29 Bodkin Arrow
38:49 Leather Archer Armor
Connection lost

Rejoining the realm…

Still unreachable

The connection could not be restored.

Session expired

The server has moved on; the page needs a fresh start.